Map: Ley Lines

Players

Yogibear

  • Race: Protoss Protoss
  • League: Diamond
  • Spawn Location: 1:00

A.I. 1 (Very Easy) - Winner!

  • Race: Zerg Zerg
  • Spawn Location: 7:00

VOD

Have the link to the VOD?

Description

Time

  • Played on: Aug. 14, 2025, 2:17 p.m.
  • Length: 4:27
Show
View Real Time Build Order
Export as new Build Order

Yogibear Protoss 

Build Orders: 1 Gate Expand, Oracle Opening 

Get SALT Encoding   

  12  0:00  Probe  
  13  0:12  Probe  
  14  0:19  Pylon  
  14  0:24  Probe  
  15  0:35  Probe  
  15  0:41  Gateway  
  16  0:44  Probe  
  17  0:51  Assimilator  
  17  0:52  Probe  
  18  1:05  Probe  
  19  1:25  Nexus  
  19  1:35  Cybernetics Core  
  20  1:40  Probe  
  20  1:52  Assimilator, Probe  
  21  1:55  Pylon  
  21  2:02  Adept  
  20  2:09  Probe  
  23  2:21  Probe  
  24  2:22  Adept  
  24  2:33  Probe  
  27  2:37  Probe  
  27  2:43  Stargate  
  28  2:47  Probe  
  28  2:49  Probe  
  30  2:57  Adept  
  32  2:59  Probe  
  32  3:01  Probe  
  34  3:09  Gateway  
  34  3:11  Probe  
  35  3:13  Probe  
  36  3:23  Probe  
  36  3:25  Probe  
  38  3:30  Oracle  
  38  3:35  Probe  
  42  3:43  Probe  
  42  3:47  Probe  
  43  3:52  Probe  
  43  3:54  Nexus  
  44  3:56  Probe  
  44  4:01  Pylon  
  46  4:16  Pylon  
Show
View Real Time Build Order
Export as new Build Order

A.I. 1 (Very Easy) Zerg - Winner!

Build Orders: Pool Only 

Get SALT Encoding   

  12  0:01  Drone  
  13  0:12  Overlord  
  13  0:17  Drone  
  14  0:34  Spawning Pool  
  13  0:37  Drone  
  13  0:41  Extractor  
  13  0:44  Drone  
  14  0:51  Overlord  
  14  1:21  Zergling x2  
  14  1:23  Queen  
  17  1:30  Roach Warren  
  16  1:33  Drone  
  16  1:37  Extractor  
  16  1:40  Zergling x2  
  16  1:41  Drone  
  18  1:55  Drone  
  18  2:00  Zergling x2  
  20  2:05  Drone  
  21  2:16  Drone  
  22  2:27  Drone  
  23  2:30  Overlord  
  23  2:34  Drone  
  24  2:41  Drone  
  25  3:29  Drone  
  22  3:36  Drone  
  20  3:43  Drone  
  21  3:50  Drone  
  22  3:58  Drone  
  23  4:05  Drone  
  24  4:12  Drone  
Tags
 
Add a new tag
Caveats
  • Supply blocks, unpowered buildings, or Contaminate may cause inaccurate times.
  • Supply counts are checked every 10 seconds.